 Dungeon Sprint DCSS version 0.30-a0-772-g5528072125 (webtiles) character file.

Game seed: 4504061665979406957

164 rocky1 the Basher (level 5, -3/63 HPs)
             Began as an Ogre Wanderer on Feb 13, 2023.
             Splashed by a jelly's acid (10 damage)
             ... in the Dungeon (Sprint IX: "|||||||||||||||||||||||||||||").
             The game lasted 00:01:22 (183 turns).

rocky1 the Basher (Ogre Wanderer)                    Turns: 183, Time: 00:01:22

Health: -3/63      AC: -1    Str: 18    XL:     5   Next: 45%
Magic:  8/8        EV:  9    Int: 13    God:
Gold:   0          SH:  0    Dex:  8    Spells: 7/8 levels left

rFire   . . .      SeeInvis .    a - +2 mace
rCold   . . .      Faith    .    (no shield)
rNeg    . . .      Spirit   .    e - +0 robe
rPois   .          Reflect  .    (helmet restricted)
rElec   .          Harm     .    (no cloak)
rCorr   .          Rampage  .    (gloves unavailable)
Will    .....      NoTele   +    (boots unavailable)
Stlth   +                        (no amulet)
HPRegen 0.30/turn                (no ring)
MPRegen 0.11/turn                (no ring)

@: corroded, on berserk cooldown, slowed, very slow
A: large, unfitting armour, tough skin 1
a: no special abilities


You were in the Dungeon.
You visited 1 branch

Inventory:

Hand Weapons
 a - a +2 mace (weapon)
 c - a +0 dagger
Missiles
 b - 6 poisoned darts (quivered)
Armour
 e - a +0 robe (worn)
Scrolls
 d - a scroll of teleportation
Potions
 f - a potion of curing
 h - a potion of haste
 i - 2 potions of magic


   Skills:
 + Level 7.9 Fighting
 * Level 8.4 Maces & Flails
 - Level 3.0 Throwing
 - Level 1.0 Dodging
 - Level 2.4 Spellcasting
 - Level 1.0 Conjurations


You had 7 spell levels left.
You knew the following spells:

 Your Spells              Type           Power      Damage    Failure   Level
a - Foxfire               Conj/Fire      8%         2x1d4     21%         1

Your spell library contained the following spells:

 Spells                   Type           Power      Damage    Failure   Level
 Stone Arrow              Conj/Erth      4%         3d7       52%         3


Dungeon Overview and Level Annotations

Branches:
Dungeon (1/1)

Altars:


Innate Abilities, Weirdness & Mutations

You are too large for most types of armour.
You have tough skin. (AC +1)


Message History

Something unseen opens the door.
Something is blocking the doorway!
Something hits you.
* * * LOW HITPOINT WARNING * * *
You hit something. Something hits you.
* * * LOW HITPOINT WARNING * * *
Something hits you.
* * * LOW HITPOINT WARNING * * *
You barely miss something. Something hits you.
* * * LOW HITPOINT WARNING * * *
You feel much better. Something hits you. x2
You sock something! Something hits you.
You thump something!
Reactivating autopickup.
You feel a bit more experienced. The jelly hits you. The acid corrodes you!
You are splashed with acid!
Unknown command.
You thump the jelly!
Your hands burn!
The jelly is heavily wounded.
The jelly hits you.
* * * LOW HITPOINT WARNING * * *
You are splashed with acid!
* * * LOW HITPOINT WARNING * * *
Okay, then.
Blink to where?
Press: ? - help, Dir - move target
As you read the scroll of blinking, it crumbles to dust.
You aren't carrying any items that you can evoke.
As you close the door, pushing everything out of the way, it creaks loudly!
Things that are here:
a ball python corpse; a rat corpse You start resting.
You hear a slurping noise.
The jelly eats the door!
You hit the jelly. The acid corrodes you!
Your hands burn!
* * * LOW HITPOINT WARNING * * *
The jelly is moderately wounded.
The jelly closely misses you. The jelly hits you.
* * * LOW HITPOINT WARNING * * *
You are splashed with acid!
You die...

▓▓▓
▓<▓
▓.▓
▓.▓
▓@▓
▓J▓
▓†▓
▓.▓
▓.▓
▓.▓
▓.▓
▓)▓
▓(▓


You could see a jelly.

Vanquished Creatures
  A centaur (D)
  A hound (D)
  A jelly (D)
  An orc wizard (D)
  An endoplasm (D)
  A ball python (D)
  3 rats (D)
9 creatures vanquished.

Notes
Turn   | Place    | Note
-------+----------+-------------------------------------------
     0 | D        | rocky1 the Ogre Wanderer began the quest for the Orb.
     0 | D        | rocky1 set off with the following items: a +2 mace, 7
                  | poisoned darts, a +0 dagger, a scroll of teleportation, a
                  | +0 robe, a potion of curing, a potion of heal wounds, a
                  | potion of haste, 2 potions of magic, a potion of berserk
                  | rage, a scroll of blinking; and the following spell
                  | memorised: Foxfire; and the following spells available to
                  | memorise: Stone Arrow.
     0 | D        | Reached XP level 1. HP: 16/16 MP: 3/3
     6 | D        | Reached skill level 1 in Fighting
     6 | D        | Reached skill level 3 in Maces & Flails
   157 | D        | Noticed a jelly
   157 | D        | Noticed a hound
   157 | D        | Noticed a centaur
   157 | D        | Noticed an orc wizard
   157 | D        | Noticed a jelly
   161 | D        | Killed a jelly
   162 | D        | Reached skill level 5 in Maces & Flails
   162 | D        | Reached XP level 2. HP: 26/33 MP: 5/5
   162 | D        | Reached XP level 3. HP: 32/40 MP: 6/6
   166 | D        | Reached skill level 5 in Fighting
   166 | D        | Reached skill level 6 in Maces & Flails
   166 | D        | Reached XP level 4. HP: 24/50 MP: 7/7
   169 | D        | Killed a centaur
   170 | D        | Reached skill level 8 in Maces & Flails
   170 | D        | Reached XP level 5. HP: 24/62 MP: 8/8
   183 | D        | Splashed by a jelly's acid

Illustrated notes

Levels and vault maps discovered:
D:        linesprint [early_d, line_temple, items_1, d_10, items_2, lair_1,
          lair_end, items_3, orc_1, orc_end, items_4, d_15, swamp_1, shoals_1,
          snake_1, spider_1, d_20, vaults_1, items_5, swamp_end, shoals_end,
          snake_end, spider_end, vaults_end, d_27, items_6, zot_1, zot_end,
          crypt_end, forest_end, elf_end, slime_end, tomb_end, abyss_end,
          pan_hell_end]

Skill      XL: |  1  2  3  4 |
---------------+-------------+-----
Fighting       | 4 5 7 |  7.9
Maces & Flails | 5 6 8 |  8.4
Throwing       | |  3.0
Dodging        | |  1.0
Spellcasting   | |  2.4
Conjurations   | |  1.0

Action                     |  1- 3 |  4- 6 || total
---------------------------+-------+-------++-------
  Melee: Mace              |    17 |     9 ||    26
         Punch             |     1 |       ||     1
  Throw: Dart              |     1 |       ||     1
    Use: Potion            |     1 |     1 ||     2
         Scroll            |       |     1 ||     1
 Armour: Robe              |     2 |     3 ||     5
  Dodge: Dodged            |     5 |     1 ||     6

Table legend: (Time is in decaauts)
 A = Elapsed time spent in this place.
 B = Non-inter-level travel time spent in this place.
 C = Inter-level travel time spent in this place.
 D = Time resting spent in this place.
 E = Time spent auto-exploring this place.
 F = Levels seen in this place.
 G = Mean time per level.
                   A        B        C        D        E       F      G
               +--------+--------+--------+--------+--------+-----+--------+
         Total |    188 |    188 |      0 |    139 |      0 |   1 |  188.0 |
       Dungeon |    188 |    188 |      0 |    139 |      0 |   1 |  188.0 |
               +--------+--------+--------+--------+--------+-----+--------+

Top non-repeatable levels by time:
       D: 188 daAuts
